APL (24 & UNDER)
ATHENS ASSASSINS @ STATE COLLEGE SPIKES
05/21/2028
 
TOP OF THE 1ST
Athens Assassins batting - Pitching for State College Spikes : RHP Esteban Garza
Pitching: RHP Esteban Garza
Batting: LHB Miguel García 0-0: Foul Ball, location: 2F
0-1: Ground out 4-3 (Groundball, 4)
Batting: LHB Jeff Thompson 0-0: Ball
1-0: Ground out 6-3 (Groundball, 6)
Batting: RHB Foster Hapgood 0-0: Called Strike
0-1: Ball
1-1: Swinging Strike
1-2: Strikes out swinging
Top of the 1st over - 0 run(s), 0 hit(s), 0 error(s), 0 left on base; Athens 0 - State College 0
BOTTOM OF THE 1ST
State College Spikes batting - Pitching for Athens Assassins : RHP José Moreno
Pitching: RHP José Moreno
Batting: RHB Matt Tucker 0-0: Ball
1-0: Ball
2-0: Foul Ball, location: 2F
2-1: Foul Ball, location: 2F
2-2: Ball
3-2: Strikes out looking
Batting: RHB Luis Montoya 0-0: Called Strike
0-1: Called Strike
0-2: Ball
1-2: SINGLE (Groundball, 56S) (infield hit)
Batting: RHB Scott Lee 0-0: Called Strike
0-1: Ball
1-1: Fielders Choice at 2nd, 4-6 (Groundball, 4)
Batting: RHB Joe Salas 0-0: Called Strike
0-1: Ball
1-1: Fly out, F4 (Line Drive, 4M)
Bottom of the 1st over - 0 run(s), 1 hit(s), 0 error(s), 1 left on base; Athens 0 - State College 0
TOP OF THE 2ND
Athens Assassins batting - Pitching for State College Spikes : RHP Esteban Garza
Now at SS: José Maldonado
Batting: LHB Milo Glenn 0-0: Ball
1-0: Fly out, F8 (Line Drive, 8RM)
Batting: RHB Don Martin 0-0: Called Strike
0-1: Ball
1-1: Foul Ball, location: 2F
1-2: Strikes out swinging
Batting: RHB Britt Short 0-0: Foul Ball, location: 2F
0-1: Fly out, F7 (Flyball, 78S)
Top of the 2nd over - 0 run(s), 0 hit(s), 0 error(s), 0 left on base; Athens 0 - State College 0
BOTTOM OF THE 2ND
State College Spikes batting - Pitching for Athens Assassins : RHP José Moreno
Batting: LHB Robin Jamieson 0-0: Ball
1-0: Called Strike
1-1: Foul Ball, location: 2F
1-2: Ball
2-2: Ball
3-2: Ground out 6-3 (Groundball, 56)
Batting: RHB Luis Árias 0-0: Ball
1-0: SOLO HOME RUN (Flyball, 7D), Distance : 423 ft
Batting: LHB Burt Ward 0-0: Ball
1-0: Ball
2-0: Ball
3-0: Called Strike
3-1: Base on Balls
Batting: RHB Diego Benítez 0-0: Called Strike
0-1: Ball
1-1: Ball
2-1: Foul Ball, location: 2F
2-2: Ball
3-2: Base on Balls
Burt Ward to second
Batting: RHB Daniel Martínez 0-0: Called Strike
Burt Ward steals 3rd base
Diego Benítez to second
0-1: Ball
1-1: Ball
2-1: Ground out 6-3 (Groundball, 6)
Burt Ward scores
Batting: RHB Matt Tucker 0-0: Called Strike
0-1: Ball
1-1: Ball
2-1: Ball
3-1: Base on Balls
Batting: RHB José Maldonado 0-0: DOUBLE (Flyball, 9)
Diego Benítez scores
Matt Tucker to third
Runner from 3rd tries for Home, SAFE, no throw
Batting: RHB Scott Lee 0-0: Ball
1-0: Ball
2-0: Ball
3-0: Base on Balls
Batting: RHB Joe Salas 0-0: Foul Ball, location: 2F
0-1: Fly out, F9 (Flyball, 9S)
Bottom of the 2nd over - 4 run(s), 2 hit(s), 0 error(s), 2 left on base; Athens 0 - State College 4
TOP OF THE 3RD
Athens Assassins batting - Pitching for State College Spikes : RHP Esteban Garza
Batting: LHB Roy Woods 0-0: Ball
1-0: Called Strike
1-1: Ball
2-1: Fly out, F8 (Flyball, 8RM)
Batting: RHB Millard Long 0-0: Ball
1-0: Called Strike
1-1: Ball
2-1: Called Strike
2-2: Strikes out swinging
Batting: RHB Clancy Bradshaw 0-0: Foul Ball, location: 2F
0-1: Ball
1-1: SINGLE (Groundball, 56S) (infield hit)
Batting: LHB Miguel García 0-0: Ball
1-0: SINGLE (Line Drive, 9S)
Clancy Bradshaw to second
Batting: LHB Jeff Thompson 0-0: Ball
1-0: Ball
2-0: Foul Ball, location: 2F
2-1: Ball
3-1: Foul Ball, location: 2F
3-2: Fly out, F7 (Flyball, 7LS)
Top of the 3rd over - 0 run(s), 2 hit(s), 0 error(s), 2 left on base; Athens 0 - State College 4
BOTTOM OF THE 3RD
State College Spikes batting - Pitching for Athens Assassins : RHP José Moreno
Batting: LHB Robin Jamieson 0-0: Ball
1-0: Ball
Error on foul ball, E9
2-1: DOUBLE (Groundball, 5L)
Batting: RHB Luis Árias 0-0: Ground out 4-3 (Groundball, 4)
Robin Jamieson to third
Batting: LHB Burt Ward 0-0: Ball
1-0: Foul Ball, location: 2F
1-1: SINGLE (Flyball, 78M)
Robin Jamieson scores
Batting: RHB Diego Benítez 0-0: Ball
1-0: Ball
2-0: Swinging Strike
2-1: Ball
3-1: Called Strike
3-2: Base on Balls
Burt Ward to second
Batting: RHB Daniel Martínez 0-0: Ball
1-0: Called Strike
1-1: Fly out, F9 (Flyball, 9LSF)
Batting: RHB Matt Tucker 0-0: Ball
1-0: Ball
2-0: Ball
3-0: Base on Balls
Burt Ward to third
Diego Benítez to second
Batting: RHB José Maldonado 0-0: Called Strike
0-1: SINGLE (Line Drive, 8RS)
Burt Ward scores
Diego Benítez to third
Matt Tucker to second
Runner from 3rd tries for Home, SAFE, throw made home
Matt Tucker to third
José Maldonado to second
Batting: RHB Scott Lee 0-0: Ball
1-0: Called Strike
1-1: DOUBLE (Line Drive, 89D)
Matt Tucker scores
José Maldonado scores
Pitching: RHP James Mantle
Batting: RHB Joe Salas 0-0: Fly out, F8 (Flyball, 89M)
Bottom of the 3rd over - 5 run(s), 4 hit(s), 1 error(s), 1 left on base; Athens 0 - State College 9
TOP OF THE 4TH
Athens Assassins batting - Pitching for State College Spikes : RHP Esteban Garza
Batting: RHB Foster Hapgood 0-0: Ball
1-0: Foul Ball, location: 2F
1-1: Ball
2-1: Foul Ball, location: 2F
2-2: Ball
3-2: Strikes out swinging
Batting: LHB Milo Glenn 0-0: Called Strike
0-1: Ground out 3-1 (Groundball, 34)
Batting: RHB Don Martin 0-0: Swinging Strike
0-1: Called Strike
0-2: Strikes out swinging
Top of the 4th over - 0 run(s), 0 hit(s), 0 error(s), 0 left on base; Athens 0 - State College 9
BOTTOM OF THE 4TH
State College Spikes batting - Pitching for Athens Assassins : RHP James Mantle
Batting: LHB Robin Jamieson 0-0: Fly out, F4 (Popup, 4D)
Batting: RHB Luis Árias 0-0: Ball
1-0: Ball
2-0: Called Strike
2-1: Foul Ball, location: 2F
2-2: Strikes out swinging
Batting: LHB Burt Ward 0-0: Fly out, F8 (Flyball, 8LD)
Bottom of the 4th over - 0 run(s), 0 hit(s), 0 error(s), 0 left on base; Athens 0 - State College 9
TOP OF THE 5TH
Athens Assassins batting - Pitching for State College Spikes : RHP Esteban Garza
Batting: RHB Britt Short 0-0: Called Strike
0-1: Foul Ball, location: 2F
0-2: SINGLE (Line Drive, 78S)
Batting: LHB Roy Woods 0-0: Ball
1-0: Called Strike
1-1: Ball
Britt Short steals 2nd base
2-1: Ball
3-1: Base on Balls
Batting: RHB Millard Long 0-0: Foul Ball, location: 2F
0-1: Swinging Strike
0-2: Ball
1-2: Ball
2-2: Ball
3-2: Foul Ball, location: 2F
3-2: Foul Ball, location: 2F
3-2: Reached via error on a dropped throw, E6
Britt Short to third
Roy Woods to second
Batting: RHB Clancy Bradshaw 0-0: Ball
1-0: Ball
2-0: Called Strike
2-1: Ball
3-1: Foul Ball, location: 2F
3-2: Foul Ball, location: 2F
3-2: Base on Balls
Britt Short scores
Roy Woods to third
Millard Long to second
Batting: LHB Miguel García 0-0: Fielders Choice at 2nd, 3-6 (Groundball, 34)
Roy Woods scores
Millard Long to third
Batting: LHB Jeff Thompson 0-0: Ball
1-0: Called Strike
1-1: Foul Ball, location: 2F
1-2: Strikes out swinging
Batting: RHB Foster Hapgood 0-0: Ball
1-0: Ball
2-0: Ball
3-0: Called Strike
3-1: Called Strike
3-2: Foul Ball, location: 2F
3-2: Strikes out looking
Top of the 5th over - 2 run(s), 1 hit(s), 1 error(s), 2 left on base; Athens 2 - State College 9
BOTTOM OF THE 5TH
State College Spikes batting - Pitching for Athens Assassins : RHP James Mantle
Batting: RHB Diego Benítez 0-0: Foul Ball, location: 2F
0-1: Ball
1-1: SINGLE (Groundball, 56D)
Batting: RHB Daniel Martínez 0-0: Called Strike
0-1: Ground out 5-3 (Groundball, 56S)
Diego Benítez to second
Batting: RHB Matt Tucker 0-0: Ball
1-0: Foul Ball, location: 2F
1-1: Called Strike
1-2: Foul Ball, location: 2F
1-2: Ball
2-2: Strikes out swinging
Batting: RHB José Maldonado 0-0: Ball
1-0: Called Strike
1-1: SINGLE (Line Drive, 8RS)
Diego Benítez to third
Runner from 3rd tries for Home, SAFE, no throw
Batting: RHB Scott Lee 0-0: Ball
1-0: Called Strike
José Maldonado steals 2nd base
1-1: Foul Ball, location: 2F
1-2: Foul Ball, location: 2F
1-2: Strikes out looking
Bottom of the 5th over - 1 run(s), 2 hit(s), 0 error(s), 1 left on base; Athens 2 - State College 10
TOP OF THE 6TH
Athens Assassins batting - Pitching for State College Spikes : RHP Esteban Garza
Batting: LHB Milo Glenn 0-0: Foul Ball, location: 2F
0-1: Called Strike
0-2: Ball
1-2: Foul Ball, location: 2F
1-2: Foul Ball, location: 2F
1-2: Ground out U3 (Groundball, 34)
Pitching: RHP Drake Johnston
Batting: RHB Don Martin 0-0: Ground out 6-3 (Groundball, 56)
Batting: RHB Britt Short 0-0: Fly out, F7 (Flyball, 78S)
Top of the 6th over - 0 run(s), 0 hit(s), 0 error(s), 0 left on base; Athens 2 - State College 10
BOTTOM OF THE 6TH
State College Spikes batting - Pitching for Athens Assassins : RHP James Mantle
Batting: RHB Joe Salas 0-0: Fly out, F3 (Popup, 34S)
Batting: LHB Robin Jamieson 0-0: Ball
1-0: Ball
2-0: Ball
3-0: Base on Balls
Batting: RHB Luis Árias 0-0: Ball
1-0: Ball
2-0: Called Strike
2-1: Foul Ball, location: 2F
2-2: Foul Ball, location: 2F
2-2: Ball
3-2: Base on Balls
Robin Jamieson to second
Batting: LHB Burt Ward 0-0: Called Strike
0-1: Ball
1-1: 3-RUN HOME RUN (Line Drive, 9D), Distance : 406 ft
Pitching: LHP Brian Turner
Batting: RHB Diego Benítez 0-0: SINGLE (Line Drive, 8RS)
Batting: RHB Daniel Martínez 0-0: Called Strike
0-1: SINGLE (Line Drive, 8LS)
Diego Benítez to second
Runner from 2nd tries for 3rd, SAFE after rundown.
Batting: RHB Matt Tucker 0-0: Ball
1-0: Ball
2-0: Ball
3-0: Called Strike
3-1: Ground out 5-3 (Groundball, 5S)
Diego Benítez scores
Daniel Martínez to second
Batting: RHB José Maldonado 0-0: Swinging Strike
0-1: Ball
1-1: Ball
2-1: Ball
3-1: Called Strike
3-2: Fly out, F4 (Popup, 4D)
Bottom of the 6th over - 4 run(s), 3 hit(s), 0 error(s), 1 left on base; Athens 2 - State College 14
TOP OF THE 7TH
Athens Assassins batting - Pitching for State College Spikes : RHP Drake Johnston
Batting: LHB Roy Woods 0-0: Ground out 3-1 (Groundball, 34)
Batting: RHB Millard Long 0-0: Fly out, F8 (Flyball, 89M)
Batting: RHB Clancy Bradshaw 0-0: Ball
1-0: Ball
2-0: Ball
3-0: Base on Balls
Batting: LHB Miguel García 0-0: Ball
Clancy Bradshaw steals 2nd base
1-0: Foul Ball, location: 2F
1-1: SINGLE (Flyball, 6MD)
Clancy Bradshaw to third
Runner from 3rd tries for Home, SAFE, no throw
Batting: LHB Jeff Thompson 0-0: Ball
1-0: Ball
Miguel García steals 2nd base
2-0: DOUBLE (Line Drive, 9LM)
Miguel García scores
Batting: RHB Foster Hapgood 0-0: Called Strike
0-1: Called Strike
0-2: Strikes out swinging
Top of the 7th over - 2 run(s), 2 hit(s), 0 error(s), 1 left on base; Athens 4 - State College 14
BOTTOM OF THE 7TH
State College Spikes batting - Pitching for Athens Assassins : LHP Brian Turner
Batting: RHB Scott Lee 0-0: Called Strike
0-1: Called Strike
0-2: Fly out, F8 (Flyball, 8RM)
Batting: RHB Joe Salas 0-0: Ball
1-0: Ball
2-0: SOLO HOME RUN (Flyball, 8RXD), Distance : 413 ft
Batting: LHB Robin Jamieson 0-0: Called Strike
0-1: Called Strike
0-2: Ball
1-2: Foul Ball, location: 2F
1-2: Ground out 1-3 (Groundball, P)
Batting: RHB Luis Árias 0-0: Ball
1-0: Foul Ball, location: 2F
1-1: Ball
2-1: SOLO HOME RUN (Flyball, 7D), Distance : 426 ft
Batting: LHB Burt Ward 0-0: Ball
1-0: Foul Ball, location: 2F
1-1: Ball
2-1: Swinging Strike
2-2: Foul Ball, location: 2F
2-2: Foul Ball, location: 2F
2-2: Foul Ball, location: 2F
2-2: Fly out, F7 (Flyball, 7LS)
Bottom of the 7th over - 2 run(s), 2 hit(s), 0 error(s), 0 left on base; Athens 4 - State College 16
TOP OF THE 8TH
Athens Assassins batting - Pitching for State College Spikes : RHP Drake Johnston
Now at 1B: Millard Walker
Now in RF: Dave Boom
Pinch Hitting: RHB Ryan Jackson 0-0: Called Strike
0-1: Ball
1-1: Foul Ball, location: 2F
1-2: Ball
2-2: DOUBLE (Line Drive, 78D)
Batting: RHB Don Martin 0-0: Ball
1-0: Foul Ball, location: 2F
1-1: Foul Ball, location: 2F
1-2: Ball
2-2: Foul Ball, location: 2F
2-2: Ground out U3 (Groundball, 34S)
Ryan Jackson to third
Batting: RHB Britt Short 0-0: Ball
1-0: Called Strike
1-1: Ball
2-1: Foul Ball, location: 2F
2-2: Ball
3-2: Base on Balls
Batting: LHB Roy Woods 0-0: Called Strike
0-1: Ball
1-1: Fly out, F9 (Flyball, 9LD)
Runner from 3rd tags up, SCORES, throw made
Pitching: RHP Albert Scott
Batting: RHB Millard Long 0-0: Foul Ball, location: 2F
0-1: Fielders Choice at 2nd, U4 (Groundball, 4M)
Top of the 8th over - 1 run(s), 1 hit(s), 0 error(s), 1 left on base; Athens 5 - State College 16
BOTTOM OF THE 8TH
State College Spikes batting - Pitching for Athens Assassins : LHP Brian Turner
Pitching: RHP Justin Tomlinson
Now in CF: Xavier Smith
Batting: RHB Diego Benítez 0-0: Ball
1-0: Ball
2-0: Ball
3-0: Base on Balls
Batting: RHB Daniel Martínez 0-0: Fly out, F9 (Flyball, 89M)
Batting: RHB Matt Tucker 0-0: Ball
1-0: Ball
2-0: Swinging Strike
2-1: Foul Ball, location: 2F
2-2: Strikes out swinging
Batting: RHB José Maldonado 0-0: Ball
1-0: Ball
2-0: Ball
3-0: Base on Balls
Diego Benítez to second
Batting: RHB Scott Lee 0-0: Swinging Strike
0-1: Foul Ball, location: 2F
0-2: Strikes out swinging
Bottom of the 8th over - 0 run(s), 0 hit(s), 0 error(s), 2 left on base; Athens 5 - State College 16
TOP OF THE 9TH
Athens Assassins batting - Pitching for State College Spikes : RHP Albert Scott
Now at 3B: Ira Ross
Pinch Hitting: RHB Jimmy King 0-0: Ball
1-0: Swinging Strike
1-1: Ball
2-1: Ball
3-1: Foul Ball, location: 2F
3-2: Base on Balls
Batting: LHB Miguel García 0-0: Ground out 3-1 (Groundball, 34S)
Jimmy King to second
Batting: LHB Jeff Thompson 0-0: Ball
1-0: Foul Ball, location: 2F
1-1: Foul Ball, location: 2F
1-2: Ball
2-2: Ball
3-2: Foul Ball, location: 2F
3-2: Foul Ball, location: 2F
3-2: SINGLE (Groundball, 3D)
Jimmy King to third
Runner from 3rd tries for Home, SAFE, no throw
Batting: RHB Foster Hapgood 0-0: Ball
1-0: Grounds into double play, 3-6-3 (Groundball, 34)
Top of the 9th over - 1 run(s), 1 hit(s), 0 error(s), 0 left on base; Athens 6 - State College 16
Tuesday, August 8th, 2017 - OOTP Baseball 17.12 Build 75